 Dungeon Crawl Stone Soup version 0.31-a0-232-gb1c03b2570 (webtiles) character file.

Game seed: 17097426797599553725

184 qw the Shooter (level 5, -5/32 HPs)
             Began as a Gargoyle Hexslinger on July 7, 2023.
             Slain by Pikel
             ... wielding a +0 whip of electrocution
              (7 damage)
             ... on level 4 of the Dungeon.
             The game lasted 00:01:08 (2308 turns).

qw the Shooter (Gargoyle Hexslinger)                Turns: 2308, Time: 00:01:08

Health: -5/32      AC:  7    Str: 11    XL:     5   Next: 64%
Magic:  0/6        EV: 11    Int: 14    God:
Gold:   222        SH:  0    Dex: 14    Spells: 5/6 levels left

rFire   . . .        Y - +1 sling
rCold   . . .        (no shield)
rNeg    + . .        d - +0 leather armour
rPois   inf          (no helmet)
rElec   +            (no cloak)
rCorr   .            (no gloves)
SInv    .            (no boots)
Will    .....        c - amulet of guardian spirit
Stlth   +            (no ring)
HPRegen 0.25/turn    (no ring)
MPRegen 0.10/turn

%: guardian spirit
@: no status effects
A: sickness immunity, AC +4, negative energy resistance 1, electricity
resistance, torment resistance 1, petrification resistance
a: no special abilities


You were on level 4 of the Dungeon.
You visited 1 branch of the dungeon, and saw 4 of its levels.

You collected 222 gold pieces.


Innate Abilities, Weirdness & Mutations

You are immune to sickness and miasma.
Your stone body is resilient. (AC +4)
You are immune to poison.
You resist negative energy. (rN+)
You are resistant to electric shocks. (rElec)
You are resistant to unholy torment.
You are immune to petrification.


   Skills:
 - Level 3.0 Fighting
 + Level 5.0 Ranged Weapons
 - Level 1.5 Dodging
 - Level 1.0 Spellcasting
 - Level 2.6 Hexes


You had 5 spell levels left.
You knew the following spells:

 Your Spells              Type           Power      Damage    Failure   Level
a - Slow                  Hex            32%        N/A       12%         1

Your spell library contained the following spells:

 Spells                   Type           Power      Damage    Failure   Level
 Inner Flame              Hex/Fire       4%         N/A       52%         3
 Portal Projectile        Hex/Tloc       8%         N/A       52%         3
 Cause Fear               Hex            4%         N/A       75%         4

Inventory:

Hand Weapons
 Y - a +1 sling (weapon)
Armour
 d - a +0 leather armour (worn)
 f - the +1 robe of Weilop Ryce {rN+ Str-5 Stlth+}
   (You found it on level 4 of the Dungeon)

   Str:       It affects your strength (-5).
   rN:        It protects you from negative energy.
   Stlth:     It makes you more stealthy.
Jewellery
 c - an amulet of guardian spirit (around neck)
Scrolls
 a - a scroll of identify
Potions
 e - a potion of curing {unknown}
 g - a potion of attraction {unknown}

Dungeon Overview and Level Annotations

Branches:
Dungeon (4/15)
 Temple: D:4-7

Altars:
Makhleb

Shops:
D:2 =

Annotations:
D:4 Pikel


Message History

Pikel hits you with a +0 whip of electrocution.
You shoot a sling bullet.
The sling bullet hits Pikel but does no damage.
Pikel is lightly wounded.
The lemure hits you.
Pikel hits you with a +0 whip of electrocution.
You shoot a sling bullet.
The sling bullet hits Pikel but does no damage.
Pikel is lightly wounded.
The lemure hits you. Pikel hits you but does no damage.
You shoot a sling bullet. The sling bullet barely misses Pikel.
The sling bullet closely misses the lemure.
The lemure barely misses you.
Pikel hits you with a +0 whip of electrocution.
You shoot a sling bullet.
The sling bullet hits Pikel but does no damage.
Pikel is lightly wounded.
The lemure hits you. Pikel misses you.
You shoot a sling bullet. The sling bullet closely misses Pikel.
The sling bullet closely misses the lemure.
The lemure hits you but does no damage.
Pikel hits you with a +0 whip of electrocution.
Pikel hits you but does no damage. The lemure hits you!
You shoot a sling bullet. The sling bullet misses Pikel.
The sling bullet hits the lemure.
The lemure is moderately wounded.
The lemure barely misses you.
Pikel hits you with a +0 whip of electrocution.
You shoot a sling bullet. The sling bullet misses Pikel.
The sling bullet barely misses the lemure.
The lemure barely misses you. Pikel closely misses you.
You shoot a sling bullet. The sling bullet barely misses Pikel.
The sling bullet completely misses the lemure.
The lemure hits you. Pikel closely misses you.
You shoot a sling bullet.
The sling bullet hits Pikel but does no damage.
Pikel is lightly wounded.
The lemure closely misses you.
Pikel hits you with a +0 whip of electrocution!
You die...

......##. ...##. #..
..## #.# . ..# ...
.# #.## #.# ..#
#..## #.# ... ..#.#
#.######## 5.
#..#####.>).....##c#
#.#.......#.....@K5#
...######.#.###.#5.#
#### #.#.....#..#
#.#..#....##
#.#..##.#.#
#.........#
####.######


You could see Pikel, 3 lemures and a centaur.

Vanquished Creatures
  Natasha (twice) (D:3)
  Terence (D:2)
  4 adders
  2 worms
  A dart slug (D:4)
  5 bats
  4 endoplasms
  4 giant cockroaches
  6 goblins
  11 hobgoblins
  7 jackals (D:2)
  8 kobolds
  A quokka (D:1)
  5 ball pythons
  5 frilled lizards
  A rat (D:3)
67 creatures vanquished.

Notes
Turn   | Place    | Note
-------+----------+-------------------------------------------
     0 | D:1      | qw the Gargoyle Hexslinger began the quest for the Orb.
     0 | D:1      | Reached XP level 1. HP: 12/12 MP: 2/2
     0 | D:1      | 0 ||| qw: Version: 0.3-a-46-gb1f654a
     0 | D:1      | 0 ||| qw: Game counter: 2830
     0 | D:1      | 0 ||| qw: Melee chars always use a shield: true
     0 | D:1      | 0 ||| qw: God list: Okawaru
     0 | D:1      | 0 ||| qw: Allow faded altars: false
     0 | D:1      | 0 ||| qw: Do Orc after clearing Dungeon:15 true
     0 | D:1      | 0 ||| qw: Do second Lair branch before Depths: true
     0 | D:1      | 0 ||| qw: Lair rune preference: random
     0 | D:1      | 0 ||| qw: Goals: Normal
     0 | D:1      | 0 ||| PLANNING D:1-11
    44 | D:1      | Reached XP level 2. HP: 16/16 MP: 3/3
   195 | D:1      | Reached skill level 3 in Ranged Weapons
   348 | D:1      | 348 ||| UPGRADING to +0 leather armour.
   358 | D:1      | 358 ||| DROPPING +0 robe.
   359 | D:1      | 359 ||| READING scroll labelled ROICET JODGH.
   360 | D:1      | 360 ||| DROPPING scroll of poison.
   474 | D:2      | Reached XP level 3. HP: 21/21 MP: 4/4
   694 | D:2      | Found Zifypp's Jewellery Shoppe.
   703 | D:2      | 703 ||| SHOPLISTING +6 ring of dexterity (468 gold, have
                  | 96).
   703 | D:2      | 703 ||| SHOPLISTING +6 ring of strength (468 gold, have
                  | 96).
   703 | D:2      | 703 ||| SHOPLISTING amulet of the acrobat (390 gold, have
                  | 96).
   703 | D:2      | 703 ||| SHOPLISTING ring of ice (325 gold, have 96).
   703 | D:2      | 703 ||| SHOPLISTING ring of resist corrosion (260 gold,
                  | have 96).
   703 | D:2      | 703 ||| SHOPLISTING ring of see invisible (195 gold, have
                  | 96).
   703 | D:2      | 703 ||| SHOPLISTING ring of willpower (325 gold, have 96).
   760 | D:2      | Noticed Terence
   773 | D:2      | Killed Terence
   774 | D:2      | Reached skill level 4 in Ranged Weapons
   774 | D:2      | Reached XP level 4. HP: 10/26 MP: 5/5
  1122 | D:2      | Found a faded altar of an unknown god.
  1520 | D:2      | 1520 ||| UPGRADING to amulet of guardian spirit.
  1525 | D:2      | 1525 ||| READING 4 scrolls labelled RAURICW PIOBACS.
  1526 | D:2      | 1526 ||| READING 3 scrolls of identify.
  1526 | D:2      | 1526 ||| IDENTIFYING glowing black potion
  1527 | D:2      | 1527 ||| READING 2 scrolls of identify.
  1527 | D:2      | 1527 ||| IDENTIFYING lumpy orange potion
  1528 | D:2      | 1528 ||| DROPPING potion of berserk rage.
  1529 | D:2      | 1529 ||| DROPPING potion of lignification.
  1674 | D:3      | Reached XP level 5. HP: 30/30 MP: 6/6
  1717 | D:3      | Found a burning altar of Makhleb.
  1728 | D:3      | Noticed Natasha
  1734 | D:3      | Killed Natasha
  1803 | D:3      | Reached skill level 5 in Ranged Weapons
  2017 | D:3      | Noticed Natasha
  2024 | D:3      | Killed Natasha
  2202 | D:3      | 2202 ||| READING scroll labelled GOATRAONON.
  2205 | D:3      | 2205 ||| READING scroll labelled ZIMPAI TEUKY.
  2206 | D:3      | 2206 ||| DRINKING 2 grey potions.
  2218 | D:4      | Reached skill level 3 in Fighting
  2220 | D:4      | Identified the +1 robe of Weilop Ryce {rN+ Str-5 Stlth+}
  2282 | D:4      | Noticed a lemure
  2283 | D:4      | Noticed Pikel
  2284 | D:4      | Noticed a lemure
  2286 | D:4      | Noticed a centaur
  2290 | D:4      | Noticed a lemure
  2290 | D:4      | Noticed a lemure
  2295 | D:4      | HP: 8/32 [Pikel/+0 whip of electrocution (2)]
  2296 | D:4      | 2296 ||| DRINKING potion of heal wounds.
  2305 | D:4      | HP: 4/32 [Pikel/+0 whip of electrocution (6)]
  2308 | D:4      | Slain by Pikel

Levels and vault maps discovered:
D:1:      tarquinn_simple_flora_water_b, layout_rooms, minmay_tetromino_l2
D:2:      layout_basic, serial_shops, shop,
          hellmonk_ecumenical_altar_pennies_from_heaven, st_stairs_14,
          uniq_terence
D:3:      layout_basic, bloody_makhleb, uniq_natasha
D:4:      kennysheep_the_goblin_king, layout_loops_cross, uniq_pikel

Skill      XL: |  1  2  3  4  5 |
---------------+----------------+-----
Ranged Weapons | 3 4 5 |  5.0
Fighting       | 2 3 |  3.0
Dodging        | |  1.5
Spellcasting   | |  1.0
Hexes          | |  2.6

Action                     |  1- 3 |  4- 6 || total
---------------------------+-------+-------++-------
   Fire: Sling             |   141 |   166 ||   307
    Use: Scroll            |     1 |     5 ||     6
         Potion            |       |     2 ||     2
 Armour: Robe              |    13 |       ||    13
         Leather armour    |    29 |    59 ||    88
  Dodge: Dodged            |    66 |    79 ||   145

Table legend:
 A = Non-vault XP
 B = Vault XP
 C = Vault XP percentage of total XP
 D = Non-vault monster count
 E = Vault monster count
 F = Vault count percentage of total count
                 A         B        C        D         E       F
            +---------+---------+-------+---------+---------+-------
      Total |     194 |      70 |  26.5 |      63 |       4 |   6.0
            +---------+---------+-------+---------+---------+-------
        D:1 |      24 |       2 |   7.7 |      15 |       1 |   6.2
        D:2 |      90 |      33 |  26.8 |      31 |       2 |   6.1
        D:3 |      72 |      35 |  32.7 |      14 |       1 |   6.7
        D:4 |       8 |       0 |   0.0 |       3 |       0 |   0.0
            +---------+---------+-------+---------+---------+-------
